Atomiques vs Griffins (R2)

Created - May 7, 2018 at 19:03

Goals
1 2 3 T
Atomiques 0 1 2 3
Griffins 2 2 3 7
Shots
1 2 3 T
Atomiques 11 13 10 34
Griffins 10 19 7 36

1st period

1. Griffins , Jan Mursak 1 (Petr Pohl 1, Oscar Klefbom 2) at 3:31
2. Griffins , J.T. Brown 1 (Greg Mauldin 1, Simon Despres 1) at 5:12

Penalties :
Colby Cohen (STB) for Interference (Minor) at 10:59, Petr Pohl (Cap) for Interference (Minor) at 19:48

2nd period

3. Griffins , Ben Hanowski 3 (Robert Dome 3) at 5:14
4. Griffins , Petr Pohl 2 (Jamie Arniel 3, Petter Granberg 1) at 8:26 (PP)
5. Atomiques , Eric Mestery 1 (Bobby Farnham 1, Brett Sutter 1) at 12:56

Penalties :
Robert Dome (Cap) for Cross-checking (Minor) at 2:51, Robert Dome (Cap) for Tripping (Minor) at 6:03, Bobby Farnham (STB) for Hooking (Minor) at 8:14, Lukas Krajicek (Cap) for High sticking (Minor) at 10:20

3rd period

6. Atomiques , Marc-André Cliche 1 (Corey Tropp 1, Shayne Gostisbehere 1) at 3:41
7. Griffins , Jan Mursak 2 (Simon Despres 2, Quinton Howden 1) at 12:13
8. Atomiques , Eric Gustafsson 1 (Ryan Shannon 2, John Draeger 1) at 16:17
9. Griffins , Greg Mauldin 1 (Oscar Klefbom 3) at 17:57
10. Griffins , Oscar Klefbom 1 (Ben Hanowski 1, Tye McGinn 1) at 19:18 (PP)

Penalties :
Lukas Krajicek (Cap) for Interference (Minor) at 3:48, Simon Despres (Cap) for Hooking (Minor) at 6:48, J.T. Brown (Cap) for Roughing (Minor) at 9:03, Ryan Shannon (STB) for Hooking (Minor) at 13:58, Shayne Gostisbehere (STB) for Slashing (Minor) at 18:08

Goalie Stats

Sergei Bobrovsky (STB), 11 saves from 15 shots - (0.733), L, 0-2-0, 28:26 minutes
Jeremy Smith (STB), 18 saves from 21 shots - (0.857), 31:34 minutes
Jason Missiaen (Cap), 31 saves from 34 shots - (0.912), W, 2-0-0, 60:00 minutes

Players Stats for Atomiques

Player Name              G  A  P  +/- PIM S  H  SB GA TA FO     MP     PP MP  PK MP  
------------------------------------------------------------------------------------
Andreas Engqvist         0  0  0  -1  0   1  1  1  0  0  1/2     5:49   0:00   0:00 
Andrew Kozek             0  0  0   1  0   4  0  0  1  0  0/0    11:18   0:00   1:16 
Anthony Nigro            0  0  0   0  0   0  0  0  0  0  0/0     0:23   0:22   0:00 
Bobby Farnham            0  1  1   1  2   1  1  0  0  0  0/0     9:51   0:00   0:00 
Brett Sutter             0  1  1   2  0   1  2  0  0  0  0/3    11:01   0:00   0:49 
Brock McGinn             0  0  0  -1  0   1  1  0  0  0  0/0     5:49   0:00   0:00 
Colby Cohen              0  0  0   1  2   0  2  3  2  0  0/0    19:29   5:16   1:30 
Corey Tropp              0  1  1   1  0   1  0  0  1  0  0/0    17:50   6:27   0:00 
Darren Kramer            0  0  0   0  0   0  0  0  0  0  0/0     0:19   0:19   0:00 
Dwight King              0  0  0  -4  0   1  3  0  1  0  2/5    21:25   7:04   1:09 
Eric Gustafsson          1  0  1  -2  0   1  1  3  0  0  0/0    10:40   0:00   0:00 
Eric Mestery             1  0  1   1  0   3  1  2  0  0  0/0    20:39   5:16   2:20 
Fredrik Claesson         0  0  0   0  0   0  0  0  0  0  0/0     2:21   0:00   0:22 
John Draeger             0  1  1  -2  0   0  2  1  0  1  0/0    11:56   0:00   1:16 
Jonas Junland            0  0  0   0  0   0  0  0  0  0  0/0     0:00   0:00   0:00 
Joseph Cramarossa        0  0  0   0  0   0  0  0  0  0  1/1     1:19   0:00   1:09 
Kenndal McArdle          0  0  0   1  0   1  2  0  0  0  0/0    18:59   6:27   1:09 
Kyle Wharton             0  0  0  -1  0   2  0  0  0  1  0/0    28:27   8:37   2:46 
Marc-André Cliche        1  0  1   1  0   4  2  0  0  1  3/9    17:50   6:27   0:00 
Max McCormick            0  0  0   0  0   0  0  0  0  0  0/0     0:19   0:19   0:00 
Mike Halmo               0  0  0   1  0   0  0  0  0  0  0/0     0:47   0:00   0:27 
Mitch Callahan           0  0  0  -1  0   0  1  0  0  0  0/0     5:49   0:00   0:00 
Ryan Shannon             0  1  1  -3  2   2  1  0  0  0  1/2    22:28   7:07   1:49 
Shayne Gostisbehere      0  1  1  -1  2   2  0  1  1  2  0/0    26:36   8:37   2:26 
Tyler Brenner            0  0  0  -4  0   9  3  0  3  0  17/33  23:12   7:07   2:52 

Players Stats for Griffins

Player Name              G  A  P  +/- PIM S  H  SB GA TA FO     MP     PP MP  PK MP  
------------------------------------------------------------------------------------
Ben Hanowski             1  1  2   0  0   2  1  0  0  0  0/0    13:16   2:41   0:00 
Devin Shore              0  0  0   0  0   0  0  0  0  0  6/10   15:45   2:41   2:18 
Gord Baldwin             0  0  0   0  0   1  1  0  0  0  0/0    19:35   0:00   7:36 
Greg Mauldin             1  1  2   2  0   3  0  1  0  1  5/7     9:24   0:00   0:00 
J.T. Brown               1  0  1   2  2   6  0  0  0  0  0/0    10:11   0:10   0:00 
Jamie Arniel             0  1  1  -1  0   3  3  0  1  1  16/34  24:31   2:29   7:00 
Jan Mursak               2  0  2   1  0   3  0  0  0  0  0/0    10:04   0:10   4:20 
Justin Braun             0  0  0   1  0   3  0  1  0  0  0/0    18:53   0:00   6:37 
Lukas Krajicek           0  0  0   2  4   1  3  1  0  2  0/0    23:50   3:38   5:16 
Mike Duco                0  0  0   1  0   0  2  0  0  0  0/0     9:53   0:00   4:20 
Oscar Klefbom            1  2  3   2  0   1  1  1  1  2  0/0    21:35   3:38   2:14 
Petr Pohl                1  1  2  -1  2   5  4  1  1  2  1/1    23:28   2:29   5:57 
Petter Granberg          0  1  1  -1  0   3  0  1  0  0  0/0    15:58   1:42   0:31 
Pontus Aberg             0  0  0   2  0   0  2  0  0  0  0/0    10:17   0:10   0:42 
Quinton Howden           0  1  1   1  0   0  1  0  0  0  0/0     5:49   0:00   0:15 
Robert Dome              0  1  1   0  4   1  1  0  1  0  1/2    13:19   2:29   0:15 
Simon Despres            0  2  2   0  2   0  1  2  0  1  0/0    20:28   1:42   5:32 
Tye McGinn               0  1  1  -1  0   4  3  0  1  0  1/1    19:44   2:41   2:39 

3 Stars

1 - Oscar Klefbom (Cap)
2 - Jan Mursak (Cap)
3 - Greg Mauldin (Cap)

Power Play

Atomiques - 0 on 7 Attempt(s) - 0.00%
Griffins - 2 on 4 Attempt(s) - 50.00%

Penalty Kill

Atomiques - 2 on 4 Attempt(s) - 50.00% - Score 0 goal in Penalty Kill
Griffins - 7 on 7 Attempt(s) - 100.00% - Score 0 goal in Penalty Kill

Team Stat

Atomiques - Hits : 23 - Faceoff Wins : 25 - Blocked Shots : 11 - Penalty Minutes : 8
Griffins - Hits : 23 - Faceoff Wins : 30 - Blocked Shots : 8 - Penalty Minutes : 14

Official

Referees : StLaurent Francois and Peel Tim
Linesman : Steve Barton and Lonnie Cameron

Game Notes

Jeremy Smith enters game at 8:26 of 2nd period
16:17 of 3rd period - Atomiques goal is going for a video replay. After video review, Goal.
19:18 of 3rd period - Griffins goal is going for a video replay. After video review, Goal.

Finance

Level 1 -- Attendance: 1675 (83.75%) -- Ticket Income $58,625
Level 2 -- Attendance: 822 (82.20%) -- Ticket Income $16,440
Total Attendance: 2497 (83.23%)
Total Ticket Income: $75,065
Other Income: $3,753
Total Income: $78,818

Atomiques

5 vs 5 Forward 
   Center                   Left Wing                Right Wing               Time % Phy DF OF 
 1 Tyler Brenner            Dwight King              Ryan Shannon             40     1   2  2  
 2 Marc-André Cliche        Kenndal McArdle          Corey Tropp              30     1   2  2  
 3 Brett Sutter             Andrew Kozek             Bobby Farnham            20     1   2  2  
 4 Andreas Engqvist         Brock McGinn             Mitch Callahan           10     1   2  2  

5 vs 5 Defense 
   Defense                  Defense                                           Time % Phy DF OF 
 1 Kyle Wharton             Shayne Gostisbehere                               40     1   2  2  
 2 Colby Cohen              Eric Mestery                                      30     1   2  2  
 3 Eric Gustafsson          John Draeger                                      20     1   2  2  
 4 Fredrik Claesson         Kyle Wharton                                      10     1   2  2  

PowerPlay Forward 
   Center                   Left Wing                Right Wing               Time % Phy DF OF 
 1 Tyler Brenner            Dwight King              Ryan Shannon             60     1   2  2  
 2 Marc-André Cliche        Kenndal McArdle          Corey Tropp              40     1   2  2  

PowerPlay Defense
   Defense                  Defense                                           Time % Phy DF OF 
 1 Kyle Wharton             Shayne Gostisbehere                               60     1   2  2  
 2 Colby Cohen              Eric Mestery                                      40     1   2  2  

Penalty Kill 4 Players Forward 
   Center                   Wing                     Time % Phy DF OF 
 1 Tyler Brenner            Ryan Shannon             60     1   2  2  
 2 Dwight King              Kenndal McArdle          40     1   2  2  

Penalty Kill 4 Players Defense
   Defense                  Defense                  Time % Phy DF OF 
 1 Kyle Wharton             Shayne Gostisbehere      60     1   2  2  
 2 Colby Cohen              Eric Mestery             40     1   2  2  

Penalty Kill - 3 Players Forward 
   Forward                                           Time % Phy DF OF 
 1 Tyler Brenner                                     60     1   2  2  
 2 Ryan Shannon                                      40     1   2  2  

Penalty Kill - 3 Players Defense
   Defense                  Defense                  Time % Phy DF OF 
 1 Kyle Wharton             Shayne Gostisbehere      60     1   2  2  
 2 Colby Cohen              Eric Mestery             40     1   2  2  

4 vs 4 Forward 
   Center                   Wing                     Time % Phy DF OF 
 1 Tyler Brenner            Ryan Shannon             60     1   2  2  
 2 Dwight King              Kenndal McArdle          40     1   2  2  

4 vs 4 Defense
   Defense                  Defense                  Time % Phy DF OF 
 1 Kyle Wharton             Shayne Gostisbehere      60     1   2  2  
 2 Colby Cohen              Eric Mestery             40     1   2  2  

Last Minutes Offensive
   Center                   Left Wing                Right Wing               Defense                  Defense                  
   Tyler Brenner            Dwight King              Ryan Shannon             Kyle Wharton             Shayne Gostisbehere      

Last Minutes Defensive
   Center                   Left Wing                Right Wing               Defense                  Defense                  
   Tyler Brenner            Dwight King              Ryan Shannon             Kyle Wharton             Shayne Gostisbehere      

Goaltenders
Starting : Sergei Bobrovsky         
Backup : Jeremy Smith             

Extra Forwards
Normal : Anthony Nigro, Darren Kramer, Joseph Cramarossa - PP : Anthony Nigro, Darren Kramer - PK : Joseph Cramarossa
Extra Defensemen
Normal : Eric Gustafsson, John Draeger, Fredrik Claesson - PP : Eric Gustafsson - PK : John Draeger, Fredrik Claesson
Penalty Shots
Tyler Brenner, Ryan Shannon, Dwight King, Kenndal McArdle, Marc-André Cliche

Scratches
Francois Tremblay (Healthy)

Griffins

5 vs 5 Forward 
   Center                   Left Wing                Right Wing               Time % Phy DF OF 
 1 Jamie Arniel             Tye McGinn               Petr Pohl                40     0   2  3  
 2 Devin Shore              Robert Dome              Ben Hanowski             30     0   2  3  
 3 Greg Mauldin             Pontus Aberg             J.T. Brown               20     0   2  3  
 4 Quinton Howden           Jan Mursak               Mike Duco                10     0   2  3  

5 vs 5 Defense 
   Defense                  Defense                                           Time % Phy DF OF 
 1 Lukas Krajicek           Oscar Klefbom                                     40     1   2  2  
 2 Simon Despres            Justin Braun                                      30     1   2  2  
 3 Gord Baldwin             Petter Granberg                                   20     1   2  2  
 4 Gord Baldwin             Petter Granberg                                   10     1   2  2  

PowerPlay Forward 
   Center                   Left Wing                Right Wing               Time % Phy DF OF 
 1 Jamie Arniel             Robert Dome              Petr Pohl                60     0   1  4  
 2 Devin Shore              Tye McGinn               Ben Hanowski             40     0   1  4  

PowerPlay Defense
   Defense                  Defense                                           Time % Phy DF OF 
 1 Oscar Klefbom            Lukas Krajicek                                    60     0   1  4  
 2 Petter Granberg          Simon Despres                                     40     0   1  4  

Penalty Kill 4 Players Forward 
   Center                   Wing                     Time % Phy DF OF 
 1 Jamie Arniel             Petr Pohl                60     1   2  2  
 2 Jan Mursak               Mike Duco                40     1   2  2  

Penalty Kill 4 Players Defense
   Defense                  Defense                  Time % Phy DF OF 
 1 Gord Baldwin             Lukas Krajicek           60     1   2  2  
 2 Justin Braun             Simon Despres            40     1   2  2  

Penalty Kill - 3 Players Forward 
   Forward                                           Time % Phy DF OF 
 1 Jan Mursak                                        60     1   2  2  
 2 Mike Duco                                         40     1   2  2  

Penalty Kill - 3 Players Defense
   Defense                  Defense                  Time % Phy DF OF 
 1 Gord Baldwin             Lukas Krajicek           60     1   2  2  
 2 Justin Braun             Simon Despres            40     1   2  2  

4 vs 4 Forward 
   Center                   Wing                     Time % Phy DF OF 
 1 Jamie Arniel             Petr Pohl                60     1   2  2  
 2 Greg Mauldin             Tye McGinn               40     1   2  2  

4 vs 4 Defense
   Defense                  Defense                  Time % Phy DF OF 
 1 Oscar Klefbom            Gord Baldwin             60     1   2  2  
 2 Lukas Krajicek           Justin Braun             40     1   2  2  

Last Minutes Offensive
   Center                   Left Wing                Right Wing               Defense                  Defense                  
   Jamie Arniel             Tye McGinn               Petr Pohl                Lukas Krajicek           Oscar Klefbom            

Last Minutes Defensive
   Center                   Left Wing                Right Wing               Defense                  Defense                  
   Jamie Arniel             Jan Mursak               Mike Duco                Gord Baldwin             Lukas Krajicek           

Goaltenders
Starting : Jason Missiaen           
Backup : Malcolm Subban           

Extra Forwards
Normal : Petr Pohl, Tye McGinn, Robert Dome - PP : Pontus Aberg, Ben Hanowski - PK : Petr Pohl
Extra Defensemen
Normal : Oscar Klefbom, Simon Despres, Petter Granberg - PP : Justin Braun - PK : Justin Braun, Simon Despres
Penalty Shots
Jamie Arniel, Jan Mursak, Ben Hanowski, Devin Shore, Robert Dome

Scratches
Vladislav Namestnikov (Healthy), Garrett Wilson (Healthy), Tanner Kero (Healthy), Greg McKegg (Healthy), Lucas Lessio (Healthy)
Kyle Lawson (Healthy), Brett Bulmer (Healthy), Stuart Percy (Healthy), Nathan Oystrick (Healthy), Rich Clune (Healthy)
Jerome Gauthier-Leduc (Healthy), Konrad Abeltshauser (Healthy), Tomas Hyka (Healthy), Brian Hart (Healthy), Casey Wellman (Healthy)
Thomas Greiss (Healthy)

% Time on Ice - Atomiques

Lines # - Real PCT - Wanted PCT - Time Play
Normal Forward
1 - 34% - 40% - 13:43
2 - 28% - 30% - 11:23
3 - 24% - 20% - 9:52
4 - 14% - 10% - 5:49
Normal Defense
1 - 38% - 40% - 15:34
2 - 32% - 30% - 13:03
3 - 26% - 20% - 10:40
4 - 4% - 10% - 1:30
PP Forward
1 - 54% - 60% - 7:26
2 - 46% - 40% - 6:27
PP Defense
1 - 62% - 60% - 8:37
2 - 38% - 40% - 5:16
PK Forward
1 - 78% - 60% - 4:11
2 - 22% - 40% - 1:09
PK Defense
1 - 52% - 60% - 2:46
2 - 48% - 40% - 2:34
PK3 Forward
1 - 0% - 60%
2 - 0% - 40%
PK3 Defense
1 - 0% - 60%
2 - 0% - 40%
44 Forward
1 - 0% - 60%
2 - 0% - 40%
44 Defense
1 - 0% - 60%
2 - 0% - 40%
Last Minute Offensive  - 0:00
Last Minute Defensive  - 0:00
Total
Forward - 60:00
Defense - 60:00

% Time on Ice - Griffins

Lines # - Real PCT - Wanted PCT - Time Play
Normal Forward
1 - 37% - 40% - 15:15
2 - 26% - 30% - 10:35
3 - 23% - 20% - 9:24
4 - 14% - 10% - 5:33
Normal Defense
1 - 39% - 40% - 16:02
2 - 32% - 30% - 12:52
3 - 20% - 20% - 8:07
4 - 9% - 10% - 3:46
PP Forward
1 - 50% - 60% - 2:39
2 - 50% - 40% - 2:41
PP Defense
1 - 68% - 60% - 3:38
2 - 32% - 40% - 1:42
PK Forward
1 - 69% - 60% - 9:33
2 - 31% - 40% - 4:20
PK Defense
1 - 62% - 60% - 8:39
2 - 38% - 40% - 5:14
PK3 Forward
1 - 0% - 60%
2 - 0% - 40%
PK3 Defense
1 - 0% - 60%
2 - 0% - 40%
44 Forward
1 - 0% - 60%
2 - 0% - 40%
44 Defense
1 - 0% - 60%
2 - 0% - 40%
Last Minute Offensive  - 0:00
Last Minute Defensive  - 0:00
Total
Forward - 60:00
Defense - 60:00

Play by Play

1st period


0:01 of 1st period - Tyler Brenner wins face-off versus Jamie Arniel in neutral zone.
1:13 of 1st period - Simon Despres is hit by Eric Mestery and loses puck.
1:20 of 1st period - Andrew Kozek is hit by Pontus Aberg and loses puck.
1:35 of 1st period - Snap shot by Tyler Brenner.
1:35 of 1st period - Shot Misses the Net.
1:37 of 1st period - Slapshot by Eric Mestery.
1:37 of 1st period - Stopped by Jason Missiaen with a rebound.
1:39 of 1st period - Slapshot by Dwight King.
1:39 of 1st period - Shot Blocked by Petter Granberg.
3:31 of 1st period - Snap shot by Jan Mursak.
3:31 of 1st period - Goal by Jan Mursak - Atomiques : 0 - Griffins : 1.
3:32 of 1st period - Dwight King wins face-off versus Jamie Arniel in neutral zone.
4:02 of 1st period - Off-side.
4:03 of 1st period - Greg Mauldin wins face-off versus Marc-André Cliche in neutral zone.
4:28 of 1st period - Ben Hanowski is hit by Brett Sutter and loses puck.
5:12 of 1st period - Wrist shot by J.T. Brown.
5:12 of 1st period - Goal by J.T. Brown - Atomiques : 0 - Griffins : 2.
5:13 of 1st period - Marc-André Cliche wins face-off versus Jamie Arniel in neutral zone.
5:26 of 1st period - Snap shot by Jamie Arniel.
5:26 of 1st period - Shot Blocked by Colby Cohen.
5:28 of 1st period - Snap shot by Jamie Arniel.
5:28 of 1st period - Stopped by Sergei Bobrovsky with a rebound.
5:38 of 1st period - Tyler Brenner is hit by Robert Dome and loses puck.
5:47 of 1st period - Wrist shot by Tyler Brenner.
5:47 of 1st period - Stopped by Jason Missiaen with a rebound.
6:31 of 1st period - Kenndal McArdle is hit by Pontus Aberg and loses puck.
7:26 of 1st period - Jan Mursak is hit by Eric Gustafsson and loses puck.
8:08 of 1st period - Mitch Callahan is hit by Jamie Arniel and loses puck.
8:17 of 1st period - Slapshot by Petr Pohl.
8:17 of 1st period - Shot Misses the Net.
8:19 of 1st period - Slapshot by Petter Granberg.
8:19 of 1st period - Deflect By Fredrik Claesson.
8:19 of 1st period - Stopped by Sergei Bobrovsky with a rebound.
8:33 of 1st period - Snap shot by Dwight King.
8:33 of 1st period - Shot Misses the Net.
8:35 of 1st period - Slapshot by Kyle Wharton.
8:35 of 1st period - Deflect By Tyler Brenner.
8:35 of 1st period - Stopped by Jason Missiaen with a rebound.
8:37 of 1st period - Wrist shot by Tyler Brenner.
8:37 of 1st period - Stopped by Jason Missiaen with a rebound.
8:39 of 1st period - Slapshot by Kyle Wharton.
8:39 of 1st period - Shot Blocked by Simon Despres.
8:41 of 1st period - Slapshot by Tyler Brenner.
8:41 of 1st period - Stopped by Jason Missiaen with a rebound.
9:14 of 1st period - Slapshot by J.T. Brown.
9:14 of 1st period - Stopped by Sergei Bobrovsky with a rebound.
9:16 of 1st period - Snap shot by J.T. Brown.
9:16 of 1st period - Shot Misses the Net.
9:18 of 1st period - Slapshot by Justin Braun.
9:18 of 1st period - Stopped by Sergei Bobrovsky without a rebound.
9:19 of 1st period - Jamie Arniel wins face-off versus Tyler Brenner in Atomiques zone.
10:54 of 1st period - Snap shot by Petr Pohl.
10:54 of 1st period - Shot Misses the Net.
10:59 of 1st period - Minor Penalty to Colby Cohen for Interference.
11:00 of 1st period - Ryan Shannon wins face-off versus Jamie Arniel in Atomiques zone.
11:14 of 1st period - Snap shot by Petr Pohl.
11:14 of 1st period - Shot Misses the Net.
11:16 of 1st period - Slapshot by Lukas Krajicek.
11:16 of 1st period - Shot Misses the Net.
12:59 of 1st period - Penalty to Colby Cohen is over, Colby Cohen is back on ice.
13:24 of 1st period - Snap shot by Brock McGinn.
13:24 of 1st period - Shot Misses the Net.
14:12 of 1st period - Wrist shot by Andrew Kozek.
14:12 of 1st period - Stopped by Jason Missiaen with a rebound.
14:34 of 1st period - Slapshot by Shayne Gostisbehere.
14:34 of 1st period - Shot Blocked by Greg Mauldin.
14:56 of 1st period - Snap shot by Marc-André Cliche.
14:56 of 1st period - Stopped by Jason Missiaen with a rebound.
14:58 of 1st period - Snap shot by Marc-André Cliche.
14:58 of 1st period - Shot Misses the Net.
15:32 of 1st period - Slapshot by Tyler Brenner.
15:32 of 1st period - Stopped by Jason Missiaen with a rebound.
15:34 of 1st period - Snap shot by Ryan Shannon.
15:34 of 1st period - Stopped by Jason Missiaen without a rebound.
15:35 of 1st period - Tyler Brenner wins face-off versus Greg Mauldin in Griffins zone.
15:38 of 1st period - Wrist shot by Tyler Brenner.
15:38 of 1st period - Shot Misses the Net.
15:50 of 1st period - Wrist shot by Tyler Brenner.
15:50 of 1st period - Stopped by Jason Missiaen with a rebound.
16:34 of 1st period - Snap shot by Petr Pohl.
16:34 of 1st period - Shot Misses the Net.
16:36 of 1st period - Slapshot by Petr Pohl.
16:36 of 1st period - Stopped by Sergei Bobrovsky with a rebound.
16:38 of 1st period - Backhand shot by Jamie Arniel.
16:38 of 1st period - Deflect By Petr Pohl.
16:38 of 1st period - Shot Misses the Net.
16:38 of 1st period - Puck is out of play.
16:39 of 1st period - Jamie Arniel wins face-off versus Tyler Brenner in Atomiques zone.
17:09 of 1st period - Robert Dome is hit by Marc-André Cliche and loses puck.
17:14 of 1st period - Wrist shot by Marc-André Cliche.
17:14 of 1st period - Deflect By Kenndal McArdle.
17:14 of 1st period - Stopped by Jason Missiaen without a rebound.
17:15 of 1st period - Marc-André Cliche wins face-off versus Jamie Arniel in Griffins zone.
17:28 of 1st period - Wrist shot by Jamie Arniel.
17:28 of 1st period - Stopped by Sergei Bobrovsky with a rebound.
17:42 of 1st period - Ben Hanowski is hit by John Draeger and loses puck.
19:08 of 1st period - Snap shot by Tyler Brenner.
19:08 of 1st period - Shot Misses the Net.
19:26 of 1st period - Snap shot by Ben Hanowski.
19:26 of 1st period - Stopped by Sergei Bobrovsky without a rebound.
19:27 of 1st period - Greg Mauldin wins face-off versus Brett Sutter in Atomiques zone.
19:40 of 1st period - Snap shot by Greg Mauldin.
19:40 of 1st period - Stopped by Sergei Bobrovsky without a rebound.
19:41 of 1st period - Tyler Brenner wins face-off versus Jamie Arniel in Atomiques zone.
19:41 of 1st period - Tyler Brenner is hit by Tye McGinn.
19:48 of 1st period - Minor Penalty to Petr Pohl for Interference.
19:49 of 1st period - Jamie Arniel wins face-off versus Tyler Brenner in Griffins zone.
Goals for this period are 0 for Atomiques vs 2 for Griffins.
Shots for this period are 11 for Atomiques vs 10 for Griffins.

2nd period


0:01 of 2nd period - Jamie Arniel wins face-off versus Tyler Brenner in neutral zone.
0:04 of 2nd period - Slapshot by Lukas Krajicek.
0:04 of 2nd period - Stopped by Sergei Bobrovsky with a rebound.
0:10 of 2nd period - Tye McGinn is hit by Ryan Shannon and loses puck.
1:39 of 2nd period - Marc-André Cliche is hit by Lukas Krajicek and loses puck.
1:48 of 2nd period - Penalty to Petr Pohl is over, Petr Pohl is back on ice.
1:55 of 2nd period - Lukas Krajicek is hit by Bobby Farnham and loses puck.
2:19 of 2nd period - Greg Mauldin is hit by Brett Sutter and loses puck.
2:34 of 2nd period - Ben Hanowski is hit by Andreas Engqvist and loses puck.
2:51 of 2nd period - Minor Penalty to Robert Dome for Cross-checking.
2:52 of 2nd period - Jamie Arniel wins face-off versus Tyler Brenner in Griffins zone.
3:29 of 2nd period - Snap shot by Corey Tropp.
3:29 of 2nd period - Stopped by Jason Missiaen with a rebound.
3:31 of 2nd period - Slapshot by Shayne Gostisbehere.
3:31 of 2nd period - Deflect By Petr Pohl.
3:31 of 2nd period - Stopped by Jason Missiaen without a rebound.
3:32 of 2nd period - Jamie Arniel wins face-off versus Marc-André Cliche in Griffins zone.
3:56 of 2nd period - Slapshot by Ryan Shannon.
3:56 of 2nd period - Shot Misses the Net.
4:22 of 2nd period - Icing by Ryan Shannon.
4:23 of 2nd period - Jamie Arniel wins face-off versus Tyler Brenner in Atomiques zone.
4:38 of 2nd period - Simon Despres is hit by Marc-André Cliche and loses puck.
4:51 of 2nd period - Penalty to Robert Dome is over, Robert Dome is back on ice.
4:53 of 2nd period - Eric Mestery is hit by Jamie Arniel and loses puck.
5:10 of 2nd period - Snap shot by J.T. Brown.
5:10 of 2nd period - Shot Misses the Net.
5:12 of 2nd period - Wrist shot by Justin Braun.
5:12 of 2nd period - Stopped by Sergei Bobrovsky without a rebound.
5:13 of 2nd period - Robert Dome wins face-off versus Tyler Brenner in Atomiques zone.
5:14 of 2nd period - Snap shot by Ben Hanowski.
5:14 of 2nd period - Goal by Ben Hanowski - Atomiques : 0 - Griffins : 3.
5:15 of 2nd period - Dwight King wins face-off versus Jamie Arniel in neutral zone.
5:22 of 2nd period - Snap shot by Tyler Brenner.
5:22 of 2nd period - Stopped by Jason Missiaen with a rebound.
5:26 of 2nd period - Slapshot by Ryan Shannon.
5:26 of 2nd period - Stopped by Jason Missiaen without a rebound.
5:27 of 2nd period - Tyler Brenner wins face-off versus Jamie Arniel in Griffins zone.
5:30 of 2nd period - Slapshot by Shayne Gostisbehere.
5:30 of 2nd period - Shot Misses the Net.
5:32 of 2nd period - Snap shot by Tyler Brenner.
5:32 of 2nd period - Shot Misses the Net.
5:34 of 2nd period - Wrist shot by Tyler Brenner.
5:34 of 2nd period - Stopped by Jason Missiaen without a rebound.
5:35 of 2nd period - Tyler Brenner wins face-off versus Jamie Arniel in Griffins zone.
5:42 of 2nd period - Snap shot by Ryan Shannon.
5:42 of 2nd period - Shot Misses the Net.
5:44 of 2nd period - Slapshot by Shayne Gostisbehere.
5:44 of 2nd period - Shot Blocked by Oscar Klefbom.
5:46 of 2nd period - Slapshot by Kyle Wharton.
5:46 of 2nd period - Deflect By Jamie Arniel.
5:46 of 2nd period - Stopped by Jason Missiaen with a rebound.
5:48 of 2nd period - Wrist shot by Dwight King.
5:48 of 2nd period - Shot Misses the Net.
5:50 of 2nd period - Snap shot by Kyle Wharton.
5:50 of 2nd period - Deflect By Petr Pohl.
5:50 of 2nd period - Stopped by Jason Missiaen with a rebound.
6:03 of 2nd period - Minor Penalty to Robert Dome for Tripping.
6:04 of 2nd period - Jamie Arniel wins face-off versus Tyler Brenner in Griffins zone.
6:04 of 2nd period - Jamie Arniel is hit by Tyler Brenner.
6:30 of 2nd period - Corey Tropp is hit by Gord Baldwin and loses puck.
6:37 of 2nd period - Kenndal McArdle is hit by Mike Duco and loses puck.
6:56 of 2nd period - Jamie Arniel is hit by Tyler Brenner and loses puck.
8:03 of 2nd period - Penalty to Robert Dome is over, Robert Dome is back on ice.
8:12 of 2nd period - Wrist shot by Greg Mauldin.
8:12 of 2nd period - Shot Misses the Net.
8:14 of 2nd period - Minor Penalty to Bobby Farnham for Hooking.
8:15 of 2nd period - Tyler Brenner wins face-off versus Jamie Arniel in Atomiques zone.
8:24 of 2nd period - Slapshot by Petr Pohl.
8:24 of 2nd period - Stopped by Sergei Bobrovsky with a rebound.
8:26 of 2nd period - Wrist shot by Petr Pohl.
8:26 of 2nd period - Goal by Petr Pohl - Atomiques : 0 - Griffins : 4.
8:26 of 2nd period - Jeremy Smith enters game.
8:27 of 2nd period - Jamie Arniel wins face-off versus Dwight King in neutral zone.
8:32 of 2nd period - Snap shot by Tye McGinn.
8:32 of 2nd period - Stopped by Jeremy Smith with a rebound.
9:40 of 2nd period - Mike Duco is hit by Mitch Callahan and loses puck.
9:49 of 2nd period - Snap shot by Quinton Howden.
9:49 of 2nd period - Shot Misses the Net.
10:20 of 2nd period - Minor Penalty to Lukas Krajicek for High sticking.
10:21 of 2nd period - Tyler Brenner wins face-off versus Jamie Arniel in Griffins zone.
10:26 of 2nd period - Snap shot by Ryan Shannon.
10:26 of 2nd period - Deflect By Dwight King.
10:26 of 2nd period - Shot Hit the Post.
10:26 of 2nd period - Puck is out of play.
10:27 of 2nd period - Tyler Brenner wins face-off versus Jamie Arniel in Griffins zone.
12:20 of 2nd period - Penalty to Lukas Krajicek is over, Lukas Krajicek is back on ice.
12:40 of 2nd period - Snap shot by J.T. Brown.
12:40 of 2nd period - Stopped by Jeremy Smith with a rebound.
12:42 of 2nd period - Snap shot by Petter Granberg.
12:42 of 2nd period - Stopped by Jeremy Smith without a rebound.
12:43 of 2nd period - Devin Shore wins face-off versus Brett Sutter in Atomiques zone.
12:44 of 2nd period - Wrist shot by Robert Dome.
12:44 of 2nd period - Shot Blocked by Eric Mestery.
12:52 of 2nd period - Snap shot by Brett Sutter.
12:52 of 2nd period - Stopped by Jason Missiaen with a rebound.
12:54 of 2nd period - Wrist shot by Bobby Farnham.
12:54 of 2nd period - Stopped by Jason Missiaen with a rebound.
12:56 of 2nd period - Slapshot by Eric Mestery.
12:56 of 2nd period - Goal by Eric Mestery - Atomiques : 1 - Griffins : 4.
12:57 of 2nd period - Jamie Arniel wins face-off versus Dwight King in neutral zone.
13:00 of 2nd period - Slapshot by Oscar Klefbom.
13:00 of 2nd period - Shot Blocked by Shayne Gostisbehere.
13:12 of 2nd period - Wrist shot by Ryan Shannon.
13:12 of 2nd period - Shot Blocked by Petr Pohl.
13:52 of 2nd period - Snap shot by J.T. Brown.
13:52 of 2nd period - Stopped by Jeremy Smith with a rebound.
14:10 of 2nd period - Wrist shot by Dwight King.
14:10 of 2nd period - Stopped by Jason Missiaen with a rebound.
14:12 of 2nd period - Wrist shot by Ryan Shannon.
14:12 of 2nd period - Shot Misses the Net.
14:49 of 2nd period - Simon Despres is hit by Brock McGinn and loses puck.
15:08 of 2nd period - John Draeger is hit by Simon Despres and loses puck.
15:19 of 2nd period - Snap shot by Greg Mauldin.
15:19 of 2nd period - Stopped by Jeremy Smith without a rebound.
15:20 of 2nd period - Marc-André Cliche wins face-off versus Jamie Arniel in Atomiques zone.
15:25 of 2nd period - Tye McGinn is hit by Kenndal McArdle and loses puck.
15:31 of 2nd period - Oscar Klefbom is hit by Kenndal McArdle.
16:08 of 2nd period - Snap shot by Andrew Kozek.
16:08 of 2nd period - Stopped by Jason Missiaen with a rebound.
16:10 of 2nd period - Slapshot by Andrew Kozek.
16:10 of 2nd period - Shot Misses the Net.
16:12 of 2nd period - Snap shot by Brett Sutter.
16:12 of 2nd period - Shot Misses the Net.
16:30 of 2nd period - Slapshot by Justin Braun.
16:30 of 2nd period - Stopped by Jeremy Smith with a rebound.
16:38 of 2nd period - Snap shot by Jan Mursak.
16:38 of 2nd period - Shot Blocked by Andreas Engqvist.
17:24 of 2nd period - Slapshot by Shayne Gostisbehere.
17:24 of 2nd period - Stopped by Jason Missiaen without a rebound.
17:25 of 2nd period - Tyler Brenner wins face-off versus Devin Shore in Griffins zone.
17:40 of 2nd period - Snap shot by Dwight King.
17:40 of 2nd period - Shot Blocked by Lukas Krajicek.
17:54 of 2nd period - Icing by Tye McGinn.
17:55 of 2nd period - Tye McGinn wins face-off versus Marc-André Cliche in Griffins zone.
18:04 of 2nd period - Petr Pohl is hit by John Draeger and loses puck.
18:11 of 2nd period - Slapshot by Petter Granberg.
18:11 of 2nd period - Deflect By Petr Pohl.
18:11 of 2nd period - Stopped by Jeremy Smith with a rebound.
18:27 of 2nd period - Backhand shot by Tye McGinn.
18:27 of 2nd period - Stopped by Jeremy Smith with a rebound.
18:31 of 2nd period - Snap shot by Petr Pohl.
18:31 of 2nd period - Stopped by Jeremy Smith with a rebound.
18:33 of 2nd period - Snap shot by Tye McGinn.
18:33 of 2nd period - Stopped by Jeremy Smith with a rebound.
18:35 of 2nd period - Slapshot by Tye McGinn.
18:35 of 2nd period - Stopped by Jeremy Smith with a rebound.
18:37 of 2nd period - Slapshot by Petter Granberg.
18:37 of 2nd period - Shot Misses the Net.
18:39 of 2nd period - Slapshot by Gord Baldwin.
18:39 of 2nd period - Stopped by Jeremy Smith with a rebound.
18:41 of 2nd period - Wrist shot by Jamie Arniel.
18:41 of 2nd period - Shot Blocked by Eric Gustafsson.
19:15 of 2nd period - Snap shot by Jamie Arniel.
19:15 of 2nd period - Shot Misses the Net.
19:17 of 2nd period - Slapshot by Petter Granberg.
19:17 of 2nd period - Stopped by Jeremy Smith with a rebound.
19:25 of 2nd period - Wrist shot by Jamie Arniel.
19:25 of 2nd period - Stopped by Jeremy Smith with a rebound.
Goals for this period are 1 for Atomiques vs 2 for Griffins.
Shots for this period are 13 for Atomiques vs 19 for Griffins.

3rd period


0:01 of 3rd period - Jamie Arniel wins face-off versus Tyler Brenner in neutral zone.
0:49 of 3rd period - Wrist shot by Eric Mestery.
0:49 of 3rd period - Stopped by Jason Missiaen with a rebound.
0:57 of 3rd period - Wrist shot by Andrew Kozek.
0:57 of 3rd period - Stopped by Jason Missiaen with a rebound.
0:59 of 3rd period - Wrist shot by Bobby Farnham.
0:59 of 3rd period - Shot Blocked by Justin Braun.
1:13 of 3rd period - Slapshot by Justin Braun.
1:13 of 3rd period - Shot Blocked by John Draeger.
1:15 of 3rd period - Wrist shot by Jan Mursak.
1:15 of 3rd period - Deflect By Quinton Howden.
1:15 of 3rd period - Shot Blocked by Eric Gustafsson.
1:15 of 3rd period - Puck is out of play.
1:16 of 3rd period - Tyler Brenner wins face-off versus Jamie Arniel in Atomiques zone.
1:16 of 3rd period - Tyler Brenner is hit by Petr Pohl.
2:09 of 3rd period - Snap shot by Jan Mursak.
2:09 of 3rd period - Stopped by Jeremy Smith without a rebound.
2:10 of 3rd period - Tyler Brenner wins face-off versus Jamie Arniel in Atomiques zone.
2:10 of 3rd period - Tyler Brenner is hit by Jamie Arniel.
3:07 of 3rd period - Off-side.
3:08 of 3rd period - Petr Pohl wins face-off versus Marc-André Cliche in neutral zone.
3:39 of 3rd period - Snap shot by Marc-André Cliche.
3:39 of 3rd period - Stopped by Jason Missiaen with a rebound.
3:41 of 3rd period - Snap shot by Marc-André Cliche.
3:41 of 3rd period - Goal by Marc-André Cliche - Atomiques : 2 - Griffins : 4.
3:42 of 3rd period - Tyler Brenner wins face-off versus Devin Shore in neutral zone.
3:45 of 3rd period - Slapshot by Shayne Gostisbehere.
3:45 of 3rd period - Deflect By Dwight King.
3:45 of 3rd period - Shot Misses the Net.
3:45 of 3rd period - Puck is out of play.
3:46 of 3rd period - Devin Shore wins face-off versus Tyler Brenner in Griffins zone.
3:48 of 3rd period - Minor Penalty to Lukas Krajicek for Interference.
3:49 of 3rd period - Tyler Brenner wins face-off versus Jamie Arniel in Griffins zone.
5:48 of 3rd period - Penalty to Lukas Krajicek is over, Lukas Krajicek is back on ice.
6:22 of 3rd period - Icing by Petter Granberg.
6:23 of 3rd period - Devin Shore wins face-off versus Andreas Engqvist in Griffins zone.
6:23 of 3rd period - Devin Shore is hit by Colby Cohen.
6:43 of 3rd period - Snap shot by Andreas Engqvist.
6:43 of 3rd period - Stopped by Jason Missiaen with a rebound.
6:45 of 3rd period - Slapshot by Brock McGinn.
6:45 of 3rd period - Stopped by Jason Missiaen without a rebound.
6:46 of 3rd period - Jamie Arniel wins face-off versus Ryan Shannon in Griffins zone.
6:48 of 3rd period - Minor Penalty to Simon Despres for Hooking.
6:49 of 3rd period - Jamie Arniel wins face-off versus Tyler Brenner in Griffins zone.
7:15 of 3rd period - Kyle Wharton is hit by Mike Duco and loses puck.
7:40 of 3rd period - Colby Cohen is hit by Petr Pohl and loses puck.
8:48 of 3rd period - Penalty to Simon Despres is over, Simon Despres is back on ice.
9:03 of 3rd period - Minor Penalty to J.T. Brown for Roughing.
9:04 of 3rd period - Jamie Arniel wins face-off versus Tyler Brenner in Griffins zone.
10:50 of 3rd period - Shayne Gostisbehere is hit by Tye McGinn and loses puck.
11:03 of 3rd period - Penalty to J.T. Brown is over, J.T. Brown is back on ice.
11:10 of 3rd period - Brett Sutter is hit by Lukas Krajicek and loses puck.
11:39 of 3rd period - Snap shot by Andrew Kozek.
11:39 of 3rd period - Stopped by Jason Missiaen without a rebound.
11:40 of 3rd period - Andreas Engqvist wins face-off versus Devin Shore in Griffins zone.
11:41 of 3rd period - Wrist shot by Brock McGinn.
11:41 of 3rd period - Shot Misses the Net.
11:55 of 3rd period - Snap shot by Robert Dome.
11:55 of 3rd period - Shot Misses the Net.
12:09 of 3rd period - Wrist shot by Jan Mursak.
12:09 of 3rd period - Shot Misses the Net.
12:11 of 3rd period - Backhand shot by Simon Despres.
12:11 of 3rd period - Shot Blocked by Eric Gustafsson.
12:13 of 3rd period - Slapshot by Jan Mursak.
12:13 of 3rd period - Goal by Jan Mursak - Atomiques : 2 - Griffins : 5.
12:14 of 3rd period - Tyler Brenner wins face-off versus Devin Shore in neutral zone.
12:19 of 3rd period - Oscar Klefbom is hit by Dwight King.
12:29 of 3rd period - Snap shot by Robert Dome.
12:29 of 3rd period - Stopped by Jeremy Smith with a rebound.
13:08 of 3rd period - Snap shot by Tyler Brenner.
13:08 of 3rd period - Stopped by Jason Missiaen without a rebound.
13:09 of 3rd period - Jamie Arniel wins face-off versus Marc-André Cliche in Griffins zone.
13:14 of 3rd period - Wrist shot by Marc-André Cliche.
13:14 of 3rd period - Stopped by Jason Missiaen without a rebound.
13:15 of 3rd period - Jamie Arniel wins face-off versus Marc-André Cliche in Griffins zone.
13:41 of 3rd period - Icing by Lukas Krajicek.
13:42 of 3rd period - Devin Shore wins face-off versus Brett Sutter in Griffins zone.
13:42 of 3rd period - Devin Shore is hit by Colby Cohen.
13:45 of 3rd period - Icing by Lukas Krajicek.
13:46 of 3rd period - Devin Shore wins face-off versus Dwight King in Griffins zone.
13:46 of 3rd period - Devin Shore is hit by Tyler Brenner.
13:55 of 3rd period - Oscar Klefbom is hit by Dwight King.
13:58 of 3rd period - Minor Penalty to Ryan Shannon for Hooking.
13:59 of 3rd period - Joseph Cramarossa wins face-off versus Robert Dome in Atomiques zone.
13:59 of 3rd period - Joseph Cramarossa is hit by Petr Pohl.
14:26 of 3rd period - Andrew Kozek is hit by Ben Hanowski and loses puck.
15:29 of 3rd period - Andrew Kozek is hit by Petr Pohl and loses puck.
15:58 of 3rd period - Penalty to Ryan Shannon is over, Ryan Shannon is back on ice.
16:02 of 3rd period - Ryan Shannon is hit by Quinton Howden and loses puck.
16:11 of 3rd period - Snap shot by Brett Sutter.
16:11 of 3rd period - Shot Blocked by Simon Despres.
16:15 of 3rd period - Slapshot by Ryan Shannon.
16:15 of 3rd period - Shot Misses the Net.
16:17 of 3rd period - Slapshot by Eric Gustafsson.
16:17 of 3rd period - Deflect By Quinton Howden.
16:17 of 3rd period - Atomiques goal is going for a video replay.
16:17 of 3rd period - The goal is good.
16:17 of 3rd period - Goal by Eric Gustafsson - Atomiques : 3 - Griffins : 5.
16:18 of 3rd period - Greg Mauldin wins face-off versus Tyler Brenner in neutral zone.
16:31 of 3rd period - Slapshot by J.T. Brown.
16:31 of 3rd period - Stopped by Jeremy Smith without a rebound.
16:32 of 3rd period - Tyler Brenner wins face-off versus Jamie Arniel in Atomiques zone.
16:32 of 3rd period - Tyler Brenner is hit by Tye McGinn.
16:44 of 3rd period - Shayne Gostisbehere is hit by Oscar Klefbom.
17:36 of 3rd period - Slapshot by Jamie Arniel.
17:36 of 3rd period - Shot Misses the Net.
17:40 of 3rd period - Slapshot by Petr Pohl.
17:40 of 3rd period - Shot Misses the Net.
17:42 of 3rd period - Slapshot by Justin Braun.
17:42 of 3rd period - Shot Blocked by Eric Mestery.
17:48 of 3rd period - Wrist shot by Jamie Arniel.
17:48 of 3rd period - Shot Blocked by Colby Cohen.
17:50 of 3rd period - Wrist shot by Jamie Arniel.
17:50 of 3rd period - Deflect By Tye McGinn.
17:50 of 3rd period - Shot Blocked by Colby Cohen.
17:50 of 3rd period - Puck is out of play.
17:51 of 3rd period - Greg Mauldin wins face-off versus Tyler Brenner in Atomiques zone.
17:52 of 3rd period - Slapshot by J.T. Brown.
17:52 of 3rd period - Stopped by Jeremy Smith without a rebound.
17:53 of 3rd period - Greg Mauldin wins face-off versus Tyler Brenner in Atomiques zone.
17:53 of 3rd period - Greg Mauldin is hit by Dwight King.
17:57 of 3rd period - Wrist shot by Greg Mauldin.
17:57 of 3rd period - Goal by Greg Mauldin - Atomiques : 3 - Griffins : 6.
17:58 of 3rd period - Devin Shore wins face-off versus Tyler Brenner in neutral zone.
18:08 of 3rd period - Minor Penalty to Shayne Gostisbehere for Slashing.
18:09 of 3rd period - Tyler Brenner wins face-off versus Jamie Arniel in Atomiques zone.
18:49 of 3rd period - Ryan Shannon is hit by Lukas Krajicek and loses puck.
19:14 of 3rd period - Wrist shot by Ben Hanowski.
19:14 of 3rd period - Shot Misses the Net.
19:16 of 3rd period - Slapshot by Oscar Klefbom.
19:16 of 3rd period - Shot Misses the Net.
19:18 of 3rd period - Slapshot by Oscar Klefbom.
19:18 of 3rd period - Deflect By Dwight King.
19:18 of 3rd period - Griffins goal is going for a video replay.
19:18 of 3rd period - The goal is good.
19:18 of 3rd period - Goal by Oscar Klefbom - Atomiques : 3 - Griffins : 7.
19:19 of 3rd period - Tyler Brenner wins face-off versus Greg Mauldin in neutral zone.
Goals for this period are 2 for Atomiques vs 3 for Griffins.
Shots for this period are 10 for Atomiques vs 7 for Griffins.